Cogmind - Beta 11 X8 @@@ ROGUE MODE // 2021.10.22 @ 22:58:54 Player: Runia Result: Destroyed by 8R-AWN with 8R-AWN's Boregun Performance ------------- Evolutions (0) 0 Regions Visited (3) 600 Robots Destroyed (20) 100 Value Destroyed (403) 403 Prototype IDs (27) 540 Alien Tech Used (0) 0 Bonus (300) 300 TOTAL SCORE: 1943 Bonus ------- Aligned with FarCom 300 Cogmind --------- Core Integrity 0/250 Matter 97/300 Energy 250/250 System Corruption 0% Temperature Cool (6) Movement Walking (285) Ox3 Location -10/Exiles Parts ------- > --- POWER (1) -------- Ion Engine > --- PROPULSION (2) --- Potential Leg Potential Leg > --- UTILITY (2) ------ Humpback > --- WEAPON (2) ------- Autogun Autogun > --- INVENTORY (35) --- Light Treads Humpback Assault Rifle Light Assault Rifle Light Assault Rifle Light Assault Rifle Grenade Launcher Peak State ------------ > --- POWER ------------ Ion Engine > --- PROPULSION ------- Potential Leg Potential Leg > --- UTILITY ---------- Large Storage Unit Propulsion Shielding > --- WEAPON ----------- Heavy EM Pulse Gun Grenade Launcher > --- INVENTORY -------- Ion Engine Light Treads Light Treads Aluminum Leg Aluminum Leg High-capacity Matter Pod Heavy EM Pulse Gun Assault Rifle Light Assault Rifle Light Assault Rifle Light Assault Rifle Autogun Autogun Autogun Autogun [Rating: 28] Favorites ----------- Power Ion Engine Engine Ion Engine Propulsion Light Treads Treads Light Treads Leg Potential Leg Utility Large Storage Unit Storage Large Storage Unit Protection Propulsion Shielding Weapon Grenade Launcher Energy Gun Heavy EM Pulse Gun Ballistic Gun Assault Rifle Launcher Grenade Launcher Build | -11 -10 -10 -10 ------- Run | Scr Mat Min Exi Slots Evolved . | . . . . Power . | . . . . Propulsion . | . . . . Utility . | . . . . Weapon . | . . . . Parts Attached 25 | . 14 . 11 Power 2 | . 1 . 1 Engine 2 | . 1 . 1 Core . | . . . . Reactor . | . . . . Propulsion 4 | . 2 . 2 Treads 2 | . 2 . . Leg 2 | . . . 2 Wheel . | . . . . Hover . | . . . . Flight . | . . . . Utility 4 | . 3 . 1 Device . | . . . . Storage 3 | . 2 . 1 Processor . | . . . . Hackware . | . . . . Protection 1 | . 1 . . Artifact . | . . . . Weapon 15 | . 8 . 7 Energy Gun 3 | . 3 . . Energy Cannon . | . . . . Ballistic Gun 9 | . 2 . 7 Ballistic Cannon . | . . . . Launcher 3 | . 3 . . Special Weapon . | . . . . Impact Weapon . | . . . . Slashing Weapon . | . . . . Piercing Weapon . | . . . . Special Melee Weapon . | . . . . Unidentified Prototypes . | . . . . Parts Lost 2 | . . . 2 Power . | . . . . Propulsion . | . . . . Utility . | . . . . Weapon 2 | . . . 2 Highest Loss Streak 1 | . . . 1 Average Slot Usage (%) 92 | . 87 100 97 Engine 14 | . 14 14 14 Treads 14 | . 20 28 8 Leg 13 | . 7 . 20 Storage 14 | . 14 14 14 Protection 7 | . 1 14 11 Energy Gun 10 | . 15 14 6 Ballistic Gun 10 | . 11 . 9 Launcher 6 | . 1 14 11 Naked Turns . | . . . . Heaviest Build 211 | 14 32 32 211 Greatest Support 60 | 20 40 40 60 Greatest Overweight (x) 3 | . . . 3 Average Overweight (x) . | . . . . Largest Inventory Capacity 35 | 8 15 15 35 Average Capacity 14 | 8 10 15 18 Most Carried 15 | 5 13 12 15 Average Carried 9 | 5 7 12 12 Final Capacity 35 | 8 15 15 35 Final Carried 12 | 4 12 12 8 Class Distribution -------------------- 91% | Mutant 8% | Hauler-Mutant Dominant Class ---------------- Mutant | -10/Materials Mutant | -10/Mines Mutant | -10/Exiles Resources | -11 -10 -10 -10 ----------- Run | Scr Mat Min Exi Matter Collected 857 | 186 131 1 539 Remotely . | . . . . Salvage Created 423 | . 361 57 5 Parts 40 | . 35 5 . Haulers Intercepted 2 | . 2 . . Recyclers Shooed . | . . . . Parts Field Recycled . | . . . . Retrieved Matter . | . . . . Parts Self-Destructed . | . . . . Prevented . | . . . . Kills | -11 -10 -10 -10 ------- Run | Scr Mat Min Exi Combat Hostiles Destroyed 17 | . 12 2 3 Guns 2 | . 1 . 1 AOE 15 | . 11 2 2 Classes Destroyed 6 | . 5 . 1 Worker 2 | . 2 . . Hauler 2 | . 2 . . Watcher 2 | . 2 . . Swarmer 6 | . 6 . . Grunt 8 | . 6 2 . Assembled 3 | . . . 3 Best Kill Streak 7 | . 7 2 3 Combat Bots Only 6 | . 6 2 3 Max Kills in Single Turn 2 | . 2 1 1 Gunslinging . | . . . . Exploded 2 | . 2 1 1 Melee . | . . . . Uniques/NPCs Destroyed . | . . . . Combat | -11 -10 -10 -10 -------- Run | Scr Mat Min Exi Damage Taken 1411 | . 135 29 1247 Core 259 | . 19 . 240 Absorbed by Shields . | . . . . Core Remaining (%) 100 | 100 . . . Volleys Fired 86 | . 30 3 53 Largest 2 | . 2 1 2 Hottest 70 | . 70 30 46 Shots Fired 144 | . 47 3 94 Gun 121 | . 34 . 87 Cannon . | . . . . Launcher 23 | . 13 3 7 Special . | . . . . Kinetic 104 | . 17 . 87 Thermal 16 | . 16 . . Explosive 23 | . 13 3 7 Electromagnetic 1 | . 1 . . Robot Hit Streak 11 | . 6 4 11 Robot Miss Streak 3 | . 2 . 3 Penetration Max . | . . . . Secondary Targets . | . . . . Shots Hit Robots 88 | . 28 3 57 Core Hits 51 | . 26 4 21 Critical Kills . | . . . . Critical Parts Destroyed . | . . . . Critical Strikes 2 | . 1 . 1 Burn 1 | . 1 . . Destroy 1 | . . . 1 Melee Attacks . | . . . . Impact . | . . . . Slashing . | . . . . Piercing . | . . . . Sneak Attacks . | . . . . Combat Hostiles . | . . . . Follow-up Attacks . | . . . . Damage Inflicted 2212 | . 964 131 1117 Guns 1108 | . 299 . 809 Cannons . | . . . . Explosions 1104 | . 665 131 308 Melee . | . . . . Ramming . | . . . . Kinetic 955 | . 146 . 809 Thermal 138 | . 138 . . Explosive 1104 | . 665 131 308 Electromagnetic 15 | . 15 . . Impact . | . . . . Slashing . | . . . . Piercing . | . . . . Highest Corruption . | . . . . Average Corruption . | . . . . Corruption Purged . | . . . . Overload Shots . | . . . . Overflow Damage 26 | . 10 . 16 Projectiles . | . . . . Explosions 26 | . 10 . 16 Melee . | . . . . Knockbacks . | . . . . Impact . | . . . . Kinetic . | . . . . Secondary . | . . . . Self-Inflicted Damage 6 | . . . 6 Shots 1 | . . . 1 Rammed . | . . . . Targets Rammed . | . . . . Kicked . | . . . . Crushed . | . . . . Highest Temperature 39 | . 39 8 12 Average Temperature 8 | . 10 5 6 Received Heat Transfer 60 | . 42 18 . Siege Activations . | . . . . Robots Corrupted . | . . . . Combat Hostiles . | . . . . Parts Fried . | . . . . Impact Corruptions . | . . . . Robots Melted . | . . . . Combat Hostiles . | . . . . Parts Melted . | . . . . Heat Transferred 481 | . 481 . . Parts Sabotaged . | . . . . Parts Stolen . | . . . . Parts Stripped . | . . . . Power Chain Reactions . | . . . . Missiles Intercepted . | . . . . Alert | -11 -10 -10 -10 ------- Run | Scr Mat Min Exi Peak Influence 223 | . 223 93 . Initial 13 | . . 13 . Average 103 | . 103 85 . Maximum Alert Level 1 | . 1 . . Low Security (%) 81 | 100 80 100 . Level 1 18 | . 19 . . Level 2 . | . . . . Level 3 . | . . . . Level 4 . | . . . . Level 5 . | . . . . High Security . | . . . . Max Security . | . . . . Squads Dispatched 4 | . 4 . . Investigation 3 | . 3 . . Extermination . | . . . . Reinforcement 1 | . 1 . . Assault . | . . . . Garrison . | . . . . Intercept . | . . . . Construction Impeded . | . . . . Haulers Reinforced . | . . . . Active Scanning Responses . | . . . . Cargo Convoy Interrupts . | . . . . Stealth | -11 -10 -10 -10 --------- Run | Scr Mat Min Exi Distress Signals . | . . . . Communications Jammed . | . . . . Distress Signals . | . . . . Times Spotted 26 | . 20 1 5 Peak Tracking Total 9 | . 7 1 9 Tactical Retreats 1 | . 1 . . Traps | -11 -10 -10 -10 ------- Run | Scr Mat Min Exi Traps Triggered 2 | . 2 . . Indirectly . | . . . . Trap Hack Attempts . | . . . . Triggered . | . . . . Disarmed . | . . . . Reprogrammed . | . . . . Reused . | . . . . Traps Extracted . | . . . . Installed . | . . . . Triggered . | . . . . Exploded 3 | . . . 3 Machines | -11 -10 -10 -10 ---------- Run | Scr Mat Min Exi Machines Disabled 8 | . 1 1 6 Max in Single Turn 2 | . 1 1 2 Machines Sabotaged . | . . . . Garrisons Compromised . | . . . . Overloaded Fab Kills . | . . . . Hacking | -11 -10 -10 -10 --------- Run | Scr Mat Min Exi Machines Accessed 10 | . 8 . 2 Terminals 6 | . 6 . . Fabricators . | . . . . Repair Stations . | . . . . Recycling Units 2 | . 2 . . Scanalyzers . | . . . . Garrison Access . | . . . . Total Hacks 20 | . 18 . 2 Successful 13 | . 11 . 2 Failed 7 | . 7 . . Catastrophic . | . . . . Database Lockouts . | . . . . Manual 8 | . 6 . 2 Terminals 16 | . 16 . . Fabricators . | . . . . Repair Stations . | . . . . Recycling Units 2 | . 2 . . Scanalyzers . | . . . . Garrison Access . | . . . . Terminal Hacks 10 | . 8 . 2 Record 1 | . . . 1 Prototype ID Bank 2 | . 2 . . Unreport Threat 1 | . 1 . . Locate Traps 3 | . 3 . . Zone Layout 2 | . 2 . . EX-Prototype ID Bank 1 | . . . 1 Fabricator Hacks . | . . . . Repair Station Hacks . | . . . . Recycling Unit Hacks . | . . . . Scanalyzer . | . . . . Garrison Access Hacks . | . . . . Unauthorized Hacks 3 | . 3 . . Terminals 1 | . 1 . . Operators 1 | . 1 . . Fabricators . | . . . . Repair Stations . | . . . . Recycling Units 2 | . 2 . . Tunnel 2 | . 2 . . Scanalyzers . | . . . . Garrison Access . | . . . . Data Cores Recovered . | . . . . Used . | . . . . Hacking Detections 6 | . 6 . . Full Trace Events . | . . . . Feedback Events . | . . . . Feedback Blocked . | . . . . Robot Schematics Acquired . | . . . . Robots Built . | . . . . Authchips . | . . . . Time . | . . . . Total Robot Build Rating . | . . . . Part Schematics Acquired . | . . . . Parts Built . | . . . . Authchips . | . . . . Time . | . . . . Total Part Build Rating . | . . . . Parts Repaired . | . . . . Time . | . . . . Parts Recycled . | . . . . Recycled Matter . | . . . . Retrieved Matter . | . . . . Retrieved Components . | . . . . Parts Scanalyzed . | . . . . Part Schematics Acquired . | . . . . Parts Damaged . | . . . . Bothacking | -11 -10 -10 -10 ------------ Run | Scr Mat Min Exi Used RIF Installer . | . . . . Robots Hacked . | . . . . Non-combat . | . . . . Combat . | . . . . Robot Hacks Applied . | . . . . Relay Couplers Released . | . . . . Robots Rewired . | . . . . Allies Hacked . | . . . . Hacks Repelled . | . . . . Allies | -11 -10 -10 -10 -------- Run | Scr Mat Min Exi Total Allies . | . . . . Largest Group . | . . . . Highest-Rated Group . | . . . . Highest-Rated Ally . | . . . . Total Orders . | . . . . Ally Attacks . | . . . . Total Damage . | . . . . Kills . | . . . . Allies Corrupted . | . . . . Allies Melted . | . . . . Intel | -11 -10 -10 -10 ------- Run | Scr Mat Min Exi Robot Analysis Total . | . . . . Derelict Logs Recovered . | . . . . Drone Launches . | . . . . Drone Recoveries . | . . . . Exploration | -11 -10 -10 -10 ------------- Run | Scr Mat Min Exi Turns Passed 1808 | 1 871 19 917 Spaces Moved 1169 | 1 491 9 668 Core . | . . . . Treads 518 | . 346 9 163 Legs 651 | 1 145 . 505 Wheels . | . . . . Hover . | . . . . Flight . | . . . . Fastest Speed 45 | 120 120 160 45 Average Speed 126 | 120 148 160 109 Slowest Speed 285 | 120 160 160 285 Overloaded Moves 25 | . . . 25 Propulsion Burnouts . | . . . . Robots Hopped . | . . . . Cave-ins Triggered . | . . . . Exploration Rate (%) 39 | 1 84 6 67 Regions Visited 3 Branch Regions 2 Pre-discovered Areas 3 | . 2 . 1 Known Exits Taken . | . . . . Unknown Exits Taken 3 | 1 1 1 . Scrap Searched . | . . . . Spaces Dug . | . . . . Terrain Destroyed 99 | . 58 17 24 Melee . | . . . . Projectile . | . . . . AOE 99 | . 58 17 24 Terrain Rammed . | . . . . Walls Destroyed . | . . . . Machines Disabled . | . . . . Actions | -11 -10 -10 -10 --------- Run | Scr Mat Min Exi Total 1376 | 2 584 11 779 Wait 48 | . 32 . 16 Move 1166 | . 490 8 668 Hop . | . . . . Pick Up 29 | . 12 . 17 Fast Attach 3 | . 3 . . Attach 5 | . 1 . 4 Detach . | . . . . Swap 17 | . 10 . 7 Drop 22 | 2 6 . 14 Fire 86 | . 30 3 53 Melee . | . . . . Ram . | . . . . Kick . | . . . . Crush . | . . . . Escape Stasis . | . . . . Rewire . | . . . . Trap . | . . . . Miscellaneous . | . . . . Route ------- -11/Scrapyard -10/Materials (discovered 4 exits: [*Mat x2] / [*Min x2]) -10/Mines -10/Exiles History --------- Turn | Location | Event 2 | -11/Scrapyard | Discovered new exit (range 0) 2 | -11/Scrapyard | Entered Materials 140 | -10/Materials | Discovered new exit (range 16) 239 | -10/Materials | Discovered new exit (range 16) 302 | -10/Materials | Build established: Mutant 620 | -10/Materials | Discovered new exit (range 11) 833 | -10/Materials | Discovered new exit (range 16) 873 | -10/Materials | Entered Mines 877 | -10/Mines | Discovered new exit (range 10) 892 | -10/Mines | Entered Exiles 939 | -10/Exiles | Met 8R-AWN 966 | -10/Exiles | Met EX-HEX 1027 | -10/Exiles | Met EX-DEC 1044 | -10/Exiles | Learned location of Zion (-7) 1083 | -10/Exiles | Met EX-BIN 1102 | -10/Exiles | Aligned with FarCom system 1104 | -10/Exiles | Given EX-Vault access code 1140 | -10/Exiles | Opened EX-Vault 1152 | -10/Exiles | Found Potential Leg 1154 | -10/Exiles | Found Potential Leg 1178 | -10/Exiles | Warned to stay clear of 0b10 Research branches 1600 | -10/Exiles | Attacked by the Exiles 1719 | -10/Exiles | Core integrity fell below 50% 1751 | -10/Exiles | Core integrity fell below 20% 1809 | -10/Exiles | Destroyed by 8R-AWN with 8R-AWN's Boregun Last Messages --------------- 01783_ HV Slug penetrates Earth. 01787_ Penetrated by HV Slug. 01787_ HV Slug penetrates Earth. 01787_ Penetrated by HV Slug. 01787_ HV Slug penetrates Earth. 01792_ Penetrated by HV Slug. 01792_ HV Slug penetrates Earth. 01792_ HV Slug penetrates Wall. 01796_ Penetrated by HV Slug. 01796_ HV Slug penetrates Earth. 01796_ Penetrated by HV Slug. 01796_ HV Slug penetrates Earth. 01800_ HV Slug penetrates Wall. 01800_ Penetrated by HV Slug. 01800_ HV Slug penetrates Earth. 01804_ Penetrated by HV Slug. 01804_ HV Slug penetrates Earth. 01804_ Penetrated by HV Slug. 01804_ HV Slug penetrates Earth. 01809_ Penetrated by HV Slug. Map ----- +----------------------------------------------------+ | ?????????????????????????????????????????????????? | | ?????????????????????????????????????????????????? | | ?????????????????????????????????????????????????? | | ?????????????????????????????????????????????????? | | ?????????????????????????????????????????????????? | | ?????????????????????????????????????????????????? | | ?????????????????????????????????????????????????? | | ?????????????????????????????????????????????????? | | ?????????????????????????????????????????????????? | | ?????????????????????????????????????????????????? | | ?????????????????????????????????????????????????? | | ?????????????? ??????????????#######?????????????? | | ?????????????? ######???????#!!! "#?????????????? | | ????????????? #""#??????# #?????????????? | | ????????????? ??????# #?????????????? | | ?????????????" #????# ##???????????## | | ?????????????" ##### #??????????? | | ??????????????# ## #????????????" | | ???????????????# # #?????????????" | | ??????????????????# ##???????????"" | | ?????????????????????# #???????????"" | | ??????????????????????## ##?????????? | | ???????????????########" # ##????????" | | ???????????????# !! * g #????????# | | ???????????????# ! #####???### | | ???????????????# !@ "#####X# | | ???????????????# !!;; # | | ??????????????#; !" " ;;;#### # | | ??????????????######;;#;# #??### % | | ?????????????????? # #####?????#" | | ????????????????# ## #????????????### | | ??????????????? ?# #???????????????## | | ?????????????# #?# #?????????????????## | | ????????????? ??# #???????????????????##" | | ?????????????#??? #?????????????????????#"" | | ???????????????? ???????????????????????#" | | ??????????????? ???????????????????????#"" | | ???????????????????????????????????????#""" | | ???????????????????????????????????????""" | | ???????????????????????????????????????""" | | ???????????????????????????????????????"" | | ???????????????????????????????????????""" | | ???????????????????????????????????????"" | | ???????????????????????????????????????#"" | | ???????????????????????????????????????#"""" | | ????????????????????????????????????????# | | ?????????????????????????????????????????" | | ?????????????????????????????????????????"""" | | ?????????????????????????????????????????"" | | ?????????????????????????????????????????? | +----------------------------------------------------+ Best States ------------- Heat Dissipation 25 Energy Generation 10 Energy Capacity 250 Matter Stores 300 Matter Capacity 300 Sight Range 16 Terrain Scan Density 10 Propulsion Shielding 33 Evasion (%) 66 Recoil Reduction 2 Item Schematics ----------------- None Robot Schematics ------------------ None Fabricated ------------ Nothing Alien Tech Used ----------------- None Achievements -------------- None Challenges ------------ None Game ------ Seed FrostMeleeHammer Manual? 0 Play Time 00:16:03 Cumulative 394.0 hours Start 2021.10.22 @ 22:47:49 End 2021.10.22 @ 22:58:54 Sessions 1 Manual Loads 0 Difficulty Rogue Special Mode None Game No. 402 Rogue 402 Adventurer 0 Explorer 0 Win Type - Total 7 Types 6/0/0/1/0/0/0/0/0 Lore% 79 Gallery% 91 Achievement% 69 Wizard Run 0 Options --------- ASCII 0 Keyboard 0 Movement Mouse Keybinds 1 Fullscreen 2 Font 24/Smallcaps Map View 76x50 Tactical HUD 1 Map Filters NONE Filters NONE Steam 1 RUN: 774b50ce-8a28-4777-9ed5-268b251b2d7b